 Dungeon Crawl Stone Soup version 0.31-a0-237-g2d982f9f85 (webtiles) character file.

Game seed: 4474330107899658310

65 qw the Shooter (level 4, -1/27 HPs)
             Began as a Gargoyle Hexslinger on July 10, 2023.
             Slain by a gnoll
             ... wielding a +0 club
              (5 damage)
             ... on level 2 of the Dungeon.
             The game lasted 00:00:27 (1583 turns).

qw the Shooter (Gargoyle Hexslinger)                Turns: 1583, Time: 00:00:28

Health: -1/27      AC:  5    Str: 12    XL:     4   Next: 14%
Magic:  5/5        EV: 12    Int: 13    God:
Gold:   77         SH:  0    Dex: 14    Spells: 4/5 levels left

rFire   . . .        Y - +1 sling
rCold   . . .        (no shield)
rNeg    + . .        c - +0 robe
rPois   inf          (no helmet)
rElec   +            (no cloak)
rCorr   .            (no gloves)
SInv    .            (no boots)
Will    .....        (no amulet)
Stlth   +            (no ring)
HPRegen 0.24/turn    (no ring)
MPRegen 0.09/turn

%: no passive effects
@: no status effects
A: sickness immunity, AC +3, negative energy resistance 1, electricity
resistance, torment resistance 1, petrification resistance
a: no special abilities


You were on level 2 of the Dungeon.
You visited 1 branch of the dungeon, and saw 2 of its levels.

You collected 77 gold pieces.


Innate Abilities, Weirdness & Mutations

You are immune to sickness and miasma.
Your stone body is resilient. (AC +3)
You are immune to poison.
You resist negative energy. (rN+)
You are resistant to electric shocks. (rElec)
You are resistant to unholy torment.
You are immune to petrification.


   Skills:
 - Level 2.3 Fighting
 + Level 3.8 Ranged Weapons
 - Level 1.5 Dodging
 - Level 1.0 Spellcasting
 - Level 2.6 Hexes


You had 4 spell levels left.
You knew the following spells:

 Your Spells              Type           Power      Damage    Failure   Level
a - Slow                  Hex            28%        N/A       10%         1

Your spell library contained the following spells:

 Spells                   Type           Power      Damage    Failure   Level
 Inner Flame              Hex/Fire       4%         N/A       43%         3
 Portal Projectile        Hex/Tloc       8%         N/A       43%         3
 Cause Fear               Hex            3%         N/A       67%         4

Inventory:

Hand Weapons
 Y - a +1 sling (weapon)
Armour
 b - a +0 robe of willpower
 c - a +0 robe (worn)
 f - a +0 ring mail
Jewellery
 a - an amulet of magic regeneration
Scrolls
 d - a scroll of fear {unknown}
 e - a scroll of enchant armour {unknown}
 g - a scroll of identify
 h - a scroll of blinking {unknown}

Dungeon Overview and Level Annotations

Branches:
Dungeon (2/15)

Altars:

Shops:
D:2 !


Message History

The sling bullet hits the gnoll but does no damage.
You shoot a sling bullet. The sling bullet hits the gnoll.
The gnoll is heavily wounded.
You shoot a sling bullet. The sling bullet hits the gnoll.
The gnoll is heavily wounded.
You shoot a sling bullet. The sling bullet hits the gnoll.
You kill the gnoll!
You shoot a sling bullet.
The sling bullet barely misses the gnoll. x2
The gnoll hits you with a +0 club. The gnoll closely misses you. x2
You shoot a sling bullet. The sling bullet hits the gnoll.
The gnoll is moderately wounded.
The gnoll misses you. The gnoll closely misses you.
You shoot a sling bullet. The sling bullet hits the gnoll.
The gnoll is severely wounded.
The gnoll hits you but does no damage. The gnoll misses you.
You shoot a sling bullet.
The sling bullet barely misses the gnoll.
The gnoll hits you with a +0 club. The gnoll barely misses you.
You shoot a sling bullet. The sling bullet hits the gnoll.
The gnoll is severely wounded.
The gnoll hits you with a +0 club. The gnoll hits you with a +0 flail.
You shoot a sling bullet.
The sling bullet completely misses the gnoll.
The gnoll hits you but does no damage. The gnoll barely misses you.
The gnoll hits you with a +0 flail. The gnoll closely misses you.
You shoot a sling bullet. The sling bullet hits the gnoll.
The gnoll is almost dead.
The gnoll hits you with a +0 club! The gnoll misses you.
You shoot a sling bullet. The sling bullet hits the gnoll.
You kill the gnoll!
The gnoll hits you with a +0 club.
You have reached level 4!
You feel stronger.
You shoot a sling bullet.
The sling bullet closely misses the gnoll.
The gnoll hits you with a +0 club.
You shoot a sling bullet.
The sling bullet closely misses the gnoll.
The gnoll hits you with a +0 club.
You die...

##...####.........#.##.
#...# ##.......##.###
#.### ##.....###.# #
#)# ##...## #.# # #.#
##+## #.### #.# #....
####.### ######. #####
#......##)...... #
#.##.#..@g...# # #
#.#.#####.... # #.#.# .
# #...# # ###.# . #.#
#.. ..#


You could see a gnoll.

Vanquished Creatures
  An adder (D:2)
  2 gnolls (D:2)
  3 endoplasms
  A giant cockroach (D:2)
  4 goblins
  5 hobgoblins
  4 jackals (D:1)
  2 kobolds (D:1)
  A quokka (D:1)
  6 bats
  A frilled lizard (D:1)
  3 rats (D:2)
33 creatures vanquished.

Notes
Turn   | Place    | Note
-------+----------+-------------------------------------------
     0 | D:1      | qw the Gargoyle Hexslinger began the quest for the Orb.
     0 | D:1      | Reached XP level 1. HP: 12/12 MP: 2/2
     0 | D:1      | 0 ||| qw: Version: 0.3-a-52-g30416fa
     0 | D:1      | 0 ||| qw: Game counter: 5162
     0 | D:1      | 0 ||| qw: Melee chars always use a shield: true
     0 | D:1      | 0 ||| qw: God list: Okawaru
     0 | D:1      | 0 ||| qw: Allow faded altars: false
     0 | D:1      | 0 ||| qw: Do Orc after clearing Dungeon:15 true
     0 | D:1      | 0 ||| qw: Do second Lair branch before Depths: true
     0 | D:1      | 0 ||| qw: Lair rune preference: random
     0 | D:1      | 0 ||| qw: Goals: Normal
     0 | D:1      | 0 ||| PLANNING D:1-11
   184 | D:1      | Reached XP level 2. HP: 16/16 MP: 3/3
   518 | D:1      | Reached skill level 3 in Ranged Weapons
   535 | D:1      | Found a faded altar of an unknown god.
   874 | D:1      | 874 ||| READING 2 scrolls labelled BIEMON ZAKKECE.
   875 | D:1      | 875 ||| READING scroll labelled RISMIL UMOSUT.
   876 | D:1      | 876 ||| READING scroll labelled PENITO MYZIR.
   888 | D:1      | 888 ||| READING scroll labelled QEDUTAS OPSONK.
   889 | D:1      | 889 ||| READING scroll labelled IHOILO JUVEDE.
   890 | D:1      | 890 ||| DROPPING scroll of amnesia.
   891 | D:1      | 891 ||| DROPPING scroll of poison.
   927 | D:2      | Reached XP level 3. HP: 22/22 MP: 4/4
  1207 | D:2      | Found Moosch's Distillery.
  1216 | D:2      | 1216 ||| SHOPLISTING potion of enlightenment (70 gold, have
                  | 67).
  1216 | D:2      | 1216 ||| SHOPLISTING potion of haste (140 gold, have 67).
  1581 | D:2      | HP: 4/22 [gnoll/+0 club (2)]
  1582 | D:2      | Reached XP level 4. HP: 5/27 MP: 5/5
  1583 | D:2      | Slain by a gnoll

Levels and vault maps discovered:
D:1:      arrival_zaba_pyramid, layout_loops_corners,
          hellmonk_ecumenical_altar_crossroads
D:2:      cheibrodos_helix_gallery, layout_loops_corners, serial_shops,
          nicolae_lakefront_shop, grunt_ministairs_5, minmay_misc_feat_rows,
          hangedman_decor_slide_cut

Skill      XL: |  1  2 |
---------------+-------+-----
Ranged Weapons | 3 |  3.8
Fighting       | 2 |  2.3
Dodging        | |  1.5
Spellcasting   | |  1.0
Hexes          | |  2.6

Action                     |  1- 3 |  4- 6 || total
---------------------------+-------+-------++-------
   Fire: Sling             |   102 |     2 ||   104
    Use: Scroll            |     5 |       ||     5
 Armour: Robe              |     9 |       ||     9
  Dodge: Dodged            |    35 |       ||    35

Table legend:
 A = Non-vault XP
 B = Vault XP
 C = Vault XP percentage of total XP
 D = Non-vault monster count
 E = Vault monster count
 F = Vault count percentage of total count
                 A         B        C        D         E       F
            +---------+---------+-------+---------+---------+-------
      Total |      76 |      18 |  19.1 |      29 |       4 |  12.1
            +---------+---------+-------+---------+---------+-------
        D:1 |      32 |       0 |   0.0 |      18 |       0 |   0.0
        D:2 |      44 |      18 |  29.0 |      11 |       4 |  26.7
            +---------+---------+-------+---------+---------+-------
